 Dungeon Crawl Stone Soup version 0.29.1-1-gd02db6906a (webtiles) character file.

Game seed: 17730520590245113472

3283 vvl the Magician (level 9, -10/69 HPs)
             Began as a Demonspawn Hedge Wizard on Sept 27, 2022.
             Was a Believer of Kikubaaqudgha.
             Mangled by Joseph
             ... wielding a +2 spectral quarterstaff
              (15 damage)
             ... on level 9 of the Dungeon.
             The game lasted 00:22:53 (12837 turns).

vvl the Magician (Demonspawn Hedge Wizard)         Turns: 12837, Time: 00:22:53

Health: -10/69     AC: 13    Str: 17    XL:     9   Next: 69%
Magic:  18/18      EV: 14    Int: 25    God:    Kikubaaqudgha [**....]
Gold:   287        SH:  4    Dex: 13    Spells: 19/21 levels left

rFire   + . .      SeeInvis .   z - +3 quarterstaff (chaos)
rCold   . . .      Faith    .   (shield currently unavailable)
rNeg    . . .      Spirit   .   w - +0 leather armour {rF+}
rPois   .          Reflect  .   c - +0 hat
rElec   .          Harm     .   u - +0 cloak
rCorr   .          Rampage  .   A - +2 pair of gloves
Will    .....                   (no boots)
Stlth   ++........              (no amulet)
HPRegen 0.21/turn               x - +6 ring of strength
MPRegen 0.16/turn               v - +6 ring of intelligence

@: no status effects
A: icy blue scales 1, icemail 1, condensation shield, demonic magic 1
a: Renounce Religion, Unearth Wretches


You were on level 9 of the Dungeon.
You worshipped Kikubaaqudgha.
Kikubaaqudgha was pleased with you.
You visited 1 branch of the dungeon, and saw 9 of its levels.

You collected 512 gold pieces.
You spent 225 gold pieces at shops.

Inventory:

Hand Weapons
 z - a +3 quarterstaff of chaos (weapon)
 C - a +1 shortbow of freezing
Armour
 c - a +0 hat (worn)
 u - a +0 cloak (worn)
 w - a +0 leather armour of fire resistance (worn)
 A - a +2 pair of gloves (worn)
Jewellery
 n - a ring of poison resistance
 v - a +6 ring of intelligence (right hand)
 x - a +6 ring of strength (left hand)
Wands
 b - a wand of flame (47)
 y - a wand of digging (5)
Scrolls
 a - a scroll of amnesia
 f - 5 scrolls of magic mapping
 i - a scroll of fear
 j - 3 scrolls of blinking
 m - 2 scrolls of butterflies
 p - a scroll of vulnerability
 r - 4 scrolls of teleportation
 t - a scroll of enchant armour
 B - 2 scrolls of identify
 D - 2 scrolls of noise {unknown}
Potions
 d - 3 potions of magic
 e - 3 potions of curing
 g - 2 potions of ambrosia {unknown}
 h - a potion of experience {unknown}
 k - 3 potions of mutation
 l - 2 potions of might
 o - a potion of heal wounds {unknown}
 q - 2 potions of flight {unknown}
 s - a potion of lignification {unknown}


   Skills:
 + Level 6.1 Fighting
 + Level 6.0 Dodging
 - Level 2.0 Stealth
 + Level 6.6 Spellcasting
 + Level 6.3 Conjurations
 - Level 1.0 Summonings
 + Level 5.4 Necromancy
 - Level 1.0 Translocations


You had 19 spell levels left.
You knew the following spells:

 Your Spells              Type           Power      Damage    Failure   Level
a - Magic Dart            Conj           100%       1d8       1%          1
b - Necrotise             Necr           100%       1d9       1%          1

Your spell library contained the following spells:

 Spells                   Type           Power      Damage    Failure   Level
 Vampiric Draining        Necr           35%        2d8       2%          3
 Conjure Flame            Conj/Fire      24%        6-21      7%          3
 Slow                     Hex            32%        N/A       9%          1
 Blink                    Tloc           26%        N/A       9%          2
 Call Imp                 Summ           13%        N/A       9%          2
 Animate Dead             Necr           35%        N/A       9%          4
 Mephitic Cloud           Conj/Pois/Air  18%        N/A       11%         3
 Poisonous Vapours        Pois/Air       16%        N/A       13%         2
 Anguish                  Hex/Necr       10%        N/A       28%         4
 Corpse Rot               Necr/Pois/Air  17%        N/A       38%         4
 Passage of Golubria      Tloc           13%        N/A       50%         4
 Silence                  Hex/Air        4%         N/A       94%         5
 Lehudib's Crystal Spear  Conj/Erth      12%        10d4      100%        8


Dungeon Overview and Level Annotations

Branches:
Dungeon (9/15)             Temple (0/1) D:4            Lair (0/5) D:8
    Orc (0/2) D:9

Altars:
Cheibriados
Gozag
Hepliaklqana
Kikubaaqudgha
Sif Muna
Xom

Shops:
D:4 (   D:6 ?   D:7 :

Annotations:
D:9 Joseph


Innate Abilities, Weirdness & Mutations

You are partially covered in icy blue scales. (AC +2)
A meltable icy envelope protects you from harm. (AC +4)
A meltable shield of frost defends you. (SH +4)
Spells you cast may paralyse adjacent enemies.


Message History

Joseph hits you with a +2 spectral quarterstaff!
Joseph hits you with a +2 spectral quarterstaff!
You can move again.
You hit Joseph but do no damage.
Joseph is severely wounded.
Joseph barely misses you.
You sock Joseph!
Joseph is severely wounded.
Joseph closely misses you.
You hit Joseph but do no damage.
Joseph is severely wounded.
Joseph hits you with a +2 spectral quarterstaff! x2
* * * LOW HITPOINT WARNING * * *
You hit Joseph. You burn Joseph.
Joseph is almost dead.
Joseph barely misses you.
Aiming: Throw Flame
Press: ? - help, Shift-Dir - straight line, f/p - Joseph
Aim: Joseph, wielding a +2 spectral quarterstaff and wearing a +0 ring mail (almost dead, 72% to hit)
The puff of flame hits Joseph but does no damage.
Joseph is almost dead.
Joseph hits you with a +2 spectral quarterstaff!
* * * LOW HITPOINT WARNING * * *
Aiming: Throw Flame
Press: ? - help, Shift-Dir - straight line, f/p - Joseph
Aim: Joseph, wielding a +2 spectral quarterstaff and wearing a +0 ring mail (almost dead, 72% to hit)
The puff of flame hits Joseph.
Joseph is almost dead.
Joseph misses you.
Aiming: Throw Flame
Press: ? - help, Shift-Dir - straight line, f/p - Joseph
Aim: Joseph, wielding a +2 spectral quarterstaff and wearing a +0 ring mail (almost dead, 72% to hit)
The puff of flame hits Joseph but does no damage.
Joseph is almost dead.
Joseph hits you but does no damage.
You closely miss Joseph.
Joseph is almost dead.
Joseph hits you with a +2 spectral quarterstaff!
You die...
Kikubaaqudgha rasps: "You have failed me!
Welcome... death!"

####### .......
....... .......
#####.......
###########..<.....#
#.............@....#
#..............@...#
##.........>.>.....#
#.................#
#.......#####.....#
##......#...#.....#
#......#...#.....#
#......#...#.....#
##.....#...#.....#


You could see Joseph.

Vanquished Creatures
  A troll (D:8)
  2 water moccasins
  3 orc warriors
  A sky beast (D:7)
  2 black bears (D:6)
  An ogre (D:5)
  2 centaurs
  4 phantoms
  2 kobold brigands
  A necrophage (D:7)
  A bullfrog (D:8)
  4 scorpions (D:6)
  5 killer bees (D:8)
  A howler monkey (D:7)
  3 hounds
  A jelly (D:7)
  Crazy Yiuf (D:5)
  5 orc priests
  2 gnoll boudas
  Natasha (thrice) (D:4)
  4 iguanas
  7 orc wizards
  3 gnolls (D:7)
  11 adders
  A shadow imp (D:7)
  4 white imps
  2 ufetubi (D:4)
  2 worms
  2 dart slugs
  28 orcs
  6 endoplasms
  3 giant cockroaches
  10 goblins
  4 hobgoblins
  7 jackals
  A quokka (D:1)
  6 ball pythons
  3 bats
  4 frilled lizards
  14 kobolds
  5 rats
172 creatures vanquished.

Notes
Turn   | Place    | Note
-------+----------+-------------------------------------------
     0 | D:1      | vvl the Demonspawn Hedge Wizard began the quest for the
                  | Orb.
     0 | D:1      | Reached XP level 1. HP: 13/13 MP: 4/4
   370 | D:1      | Reached skill level 1 in Translocations
   702 | D:1      | Gained mutation: A meltable shield of frost defends you.
                  | (SH +4) [demonic ancestry]
   702 | D:1      | Reached XP level 2. HP: 20/20 MP: 4/6
  1378 | D:2      | Found a faded altar of an unknown god.
  1720 | D:2      | Reached skill level 1 in Fighting
  1960 | D:2      | You fall into a shaft and drop 1 floor!
  2114 | D:2      | Reached XP level 3. HP: 26/26 MP: 4/7
  2906 | D:2      | Found a hazy altar of Hepliaklqana.
  3479 | D:3      | Found a snail-covered altar of Cheibriados.
  3657 | D:3      | Gained mutation: A meltable icy envelope protects you from
                  | harm. (AC +4) [demonic ancestry]
  3657 | D:3      | Reached XP level 4. HP: 32/32 MP: 6/9
  4142 | D:4      | Found Wimaosat's Antique Weapon Shop.
  4213 | D:4      | Noticed a phantom
  4235 | D:4      | Killed a phantom
  4236 | D:4      | Gained mutation: You are partially covered in icy blue
                  | scales. (AC +2) [demonic ancestry]
  4236 | D:4      | Reached XP level 5. HP: 23/38 MP: 1/10
  4600 | D:4      | Noticed Natasha
  4614 | D:4      | Killed Natasha
  4918 | D:4      | Reached XP level 6. HP: 46/46 MP: 5/12
  5137 | D:4      | Found a staircase to the Ecumenical Temple.
  5425 | D:4      | Noticed Natasha
  5430 | D:4      | Killed Natasha
  5569 | D:4      | Noticed Natasha
  5578 | D:4      | Killed Natasha
  5730 | D:5      | Entered Level 5 of the Dungeon
  5814 | D:5      | Found an ancient bone altar of Kikubaaqudgha.
  5826 | D:5      | Became a worshipper of Kikubaaqudgha
  6023 | D:5      | Reached XP level 7. HP: 19/52 MP: 1/13
  6304 | D:5      | Reached skill level 1 in Necromancy
  6355 | D:5      | Found a sand-covered staircase.
  6847 | D:5      | Found a runed translucent door.
  6848 | D:5      | Noticed Crazy Yiuf
  7209 | D:5      | Killed Crazy Yiuf
  7399 | D:6      | Found Maoll's Magic Scroll Boutique.
  7405 | D:6      | Bought a scroll of identify for 30 gold pieces
  7405 | D:6      | Bought a scroll of identify for 30 gold pieces
  7405 | D:6      | Bought a scroll of identify for 30 gold pieces
  7405 | D:6      | Bought a scroll of fear for 60 gold pieces
  7405 | D:6      | Bought a scroll of teleportation for 45 gold pieces
  7405 | D:6      | Bought a scroll of identify for 30 gold pieces
  7796 | D:6      | Reached skill level 5 in Spellcasting
  7803 | D:6      | Reached XP level 8. HP: 41/60 MP: 15/15
  8566 | D:6      | Reached * piety under Kikubaaqudgha
  8566 | D:6      | Received a gift from Kikubaaqudgha
  8572 | D:6      | Reached skill level 5 in Conjurations
  8800 | D:6      | Reached skill level 5 in Fighting
  8800 | D:6      | Reached skill level 5 in Dodging
  9485 | D:7      | Gained mutation: Spells you cast may paralyse adjacent
                  | enemies. [demonic ancestry]
  9485 | D:7      | Reached XP level 9. HP: 34/67 MP: 17/17
 10022 | D:7      | Found Fitu Cee's Book Emporium.
 10721 | D:8      | Learned a level 1 spell: Necrotise
 10786 | D:8      | Found a shimmering altar of Xom.
 10804 | D:8      | Found a shimmering blue altar of Sif Muna.
 11160 | D:8      | Noticed a troll
 11172 | D:8      | Killed a troll
 11173 | D:8      | Reached skill level 5 in Necromancy
 11340 | D:8      | Reached ** piety under Kikubaaqudgha
 11578 | D:8      | Found a staircase to the Lair.
 12211 | D:9      | Found an opulent altar of Gozag.
 12271 | D:9      | Noticed a kobold demonologist
 12272 | D:9      | Noticed Joseph
 12377 | D:9      | Found a staircase to the Orcish Mines.
 12446 | D:9      | Paralysed by Joseph for 4 turns
 12455 | D:9      | Paralysed by Joseph for 4 turns
 12820 | D:9      | Paralysed by Joseph for 3 turns
 12826 | D:9      | Paralysed by Joseph for 4 turns
 12837 | D:9      | Mangled by Joseph

Illustrated notes

Levels and vault maps discovered:
D:1:      heliophobic_arrival_enchanted_forest, layout_basic,
          hangedman_decor_points
D:2:      layout_loops_ring, basic_altar, basic_ecumenical_altar
D:3:      layout_rooms, mainiacjoe_overflow_alcove_2, hangedman_glass_teeth
D:4:      layout_basic, minmay_temple_entry_butterflies, serial_shops,
          nicolae_shop_stone, uniq_natasha
D:5:      layout_basic, kiku_gazebo_garden_becter,
          lightli_ossuary_entry_decrepit_ruins, uniq_crazy_yiuf_cottage
D:6:      minmay_recursive_quarters, layout_loops_ring, serial_shops,
          nicolae_shop_competitors_out_of_business
D:7:      layout_basic, serial_shops, nicolae_diamond_shop
D:8:      layout_basic, mainiacjoe_overflow_catwalk_spiral, lair_entry_dummy,
          enter_bailey_5
D:9:      kb_forest_paths, layout_irregular_city,
          nicolae_overflow_crystal_walls, amcnicky_altar_gilded, uniq_erica,
          uniq_prince_ribbit1, uniq_joseph

Skill      XL: |  1  2  3  4  5  6  7  8  9 |
---------------+----------------------------+-----
Translocations | 1 |  1.0
Dodging        | 2 3 4 5 6 |  6.0
Stealth        | 2 |  2.0
Fighting       | 1 2 3 4 5 6 |  6.1
Conjurations   | 2 3 4 5 6 |  6.3
Spellcasting   | 4 5 6 |  6.6
Necromancy     | 2 4 5 |  5.4
Summonings     | |  1.0

Action                   |  1- 3 |  4- 6 |  7- 9 || total
-------------------------+-------+-------+-------++-------
Melee: Dagger            |    11 |       |       ||    11
       Falchion          |    55 |    56 |     9 ||   120
       Punch             |       |     2 |     1 ||     3
       Quarterstaff      |       |       |   335 ||   335
 Cast: Magic Dart        |   115 |   147 |    95 ||   357
       Necrotise         |       |       |    12 ||    12
Evoke: Wand              |       |       |    11 ||    11
  Use: Potion            |       |     2 |     3 ||     5
       Scroll            |       |       |     8 ||     8
 Stab: Paralysed         |       |       |     5 ||     5
       Invisible         |       |       |     2 ||     2
Armor: Robe              |    17 |    40 |    38 ||    95
       Leather armour    |       |       |   194 ||   194
Dodge: Dodged            |    85 |    58 |   338 ||   481
Block: Other             |    16 |    21 |    79 ||   116
